 Seeded DCSS version 0.30-a0-1075-gcd70e7a56d (webtiles) character file.

Game seed: 9984866775504283061 (custom seed)

389 Pimp the Trooper (level 6, -1/56 HPs)
             Began as a Hill Orc Fighter on Apr 14, 2023.
             Engulfed by a cloud of flame (28 damage)
             ... on level 3 of the Dungeon.
             The game lasted 00:05:40 (2138 turns).

Pimp the Trooper (Hill Orc Fighter)                 Turns: 2138, Time: 00:05:41

Health: -1/56      AC: 13    Str: 21    XL:     6   Next: 79%
Magic:  8/8        EV:  6    Int:  8    God:
Gold:   105        SH:  4    Dex: 10    Spells: 7/7 levels left

rFire   . . .      SeeInvis .    v - +7 war axe "Joadon" {holy, rPois rN+ Stlth+}
rCold   . . .      Faith    .    c - +0 buckler
rNeg    + . .      Spirit   .    e - +0 plate armour
rPois   +          Reflect  .    (no helmet)
rElec   .          Rampage  .    A - +0 cloak
rCorr   .                        (no gloves)
Will    .....                    (no boots) Stlth
                                 (no amulet)
HPRegen 0.29/turn                (no ring)
MPRegen 0.11/turn                (no ring)

@: studying Ice Magic
A: no striking features
a: no special abilities


You were on level 3 of the Dungeon.
You visited 1 branch of the dungeon, and saw 3 of its levels.

You collected 105 gold pieces.

Inventory:

Hand Weapons
 a - a +0 war axe of protection
 v - the +7 war axe "Joadon" (weapon) {holy, rPois rN+ Stlth+}
   (You acquired it on level 2 of the Dungeon)

   rPois:     It protects you from poison.
   rN:        It protects you from negative energy.
   Stlth:     It makes you more stealthy.
Missiles
 f - a javelin (quivered)
Armour
 b - a +0 scale mail
 c - a +0 buckler (worn)
 e - a +0 plate armour (worn)
 A - a +0 cloak (worn)
Jewellery
 h - a +6 ring of strength
 z - a ring of ice
Scrolls
 g - 2 scrolls of identify
 j - a scroll of fear
 l - a scroll of poison {unknown}
 o - a scroll of fog {unknown}
 p - a scroll of vulnerability {unknown}
 r - a scroll of blinking {unknown}
 t - 3 scrolls of brand weapon
 u - a scroll of butterflies {unknown}
 w - a scroll of noise {unknown}
 x - 2 scrolls of amnesia {unknown}
 y - a scroll of teleportation
Potions
 d - a potion of might
 k - a potion of heal wounds {unknown}
 m - a potion of brilliance {unknown}
 n - 2 potions of lignification {unknown}
 q - a potion of attraction {unknown}
 s - a potion of flight {unknown}


   Skills:
 + Level 5.1 Fighting
 + Level 4.6 Axes
 + Level 4.6 Armour
 + Level 4.5 Shields
 + Level 1.3 Spellcasting
 + Level 2.5 Ice Magic


You had 7 spell levels left.
You didn't know any spells.
Your spell library contained the following spells:

 Spells                   Type           Power      Damage    Failure   Level
 Vhi's Electric Charge    Tloc/Air       0%         N/A       100%        3
 Arcjolt                  Conj/Air       0%         1d10      100%        5
 Maxwell's Capacitive Co  Air            0%         ∞         100%        8


Dungeon Overview and Level Annotations

Branches:
Dungeon (3/15)

Altars:


Message History

a +0 flail; a +0 hand axe The gnoll shouts!
The gnoll hits you with a +0 flail.
You hit the gnoll.
The gnoll is lightly wounded.
The gnoll hits you but does no damage.
You closely miss the gnoll.
The gnoll is lightly wounded.
The gnoll hits you but does no damage. The gnoll closely misses you.
You slash the gnoll!
You kill the gnoll!
You see here a +0 flail.
HP restored.
The howler monkey howls!
You hear a bark!
You hear a shout! x2
The orc shouts!
An orc is nearby!
Okay, then.
As you read the scroll labelled GOYCRY SIMOGU, it crumbles to dust.
The creatures around you are filled with an inner flame!
It was a scroll of immolation.
You slice the plant!!
The plant begins to die.
The plant is lightly damaged.
A nearby plant withers and dies.
There are no items here.
You see here 2 javelins.
f - 2 javelins Throw: throwing net
Press: ? - help, Q - select action, (/) - cycle Shift-Dir - straight line, f - orc
Aim: an orc, wielding a +0 hand axe (inner flame, 57% to hit)
You throw a throwing net. The throwing net barely misses the orc.
Throw: 2 javelins
Press: ? - help, Q - select action Shift-Dir - straight line, f/p - orc
Aim: an orc, wielding a +0 hand axe (inner flame, 57% to hit)
You throw a javelin. The javelin closely misses the orc.
The orc attacks as you move away! The orc hits you with a +0 hand axe.
You slice the orc!!
The orc explodes!
The fiery explosion engulfs you!!
You are engulfed in blazing flames.
Ouch! That really hurt!
You die...

≈≈≈~≈≈≈≈≈~≈≈≈~....#
#~##.......
~~~~≈~~#####≈~....#
#~##.......
.......#.gh#≈≈....#
#.##.......
########...#≈~....#
#~##.......
,,',,,,#'###≈~P...#
####.......
*,*,,,,..#.~≈~....#
########
*,*,,,.#*#.~≈~.§§§#
####''##.#.≈~~..§§#
).h....g.#.~~~.§@§#
).oh...h.#.~~~....#
.g##''##g#.≈≈~....#
..#,,..###.~≈~..P.#
###,,,...#.≈≈~....#
,,',,,.#o###≈~....#
######'#...#≈~P...#
.......#gog#≈~....#
≈≈≈~≈)~#####≈≈....#


There were no monsters in sight!

Vanquished Creatures
  The ghost of phimadp the Shooter, a weakling MiHu (D:3)
  2 howler monkeys (D:3)
  A hound (D:3)
  A gnoll bouda (D:3)
  5 adders
  8 gnolls (D:3)
  2 dart slugs
  10 orcs (D:3)
  4 endoplasms
  2 giant cockroaches
  4 goblins
  3 hobgoblins
  14 jackals
  2 quokkas (D:2)
  5 ball pythons
  6 bats
  7 frilled lizards
  4 kobolds
  8 rats
89 creatures vanquished.

Vanquished Creatures (others)
  3 plants (D:3)
3 creatures vanquished.

Grand Total: 92 creatures vanquished

Notes
Turn   | Place    | Note
-------+----------+-------------------------------------------
     0 | D:1      | Pimp the Hill Orc Fighter began the quest for the Orb.
     0 | D:1      | Reached XP level 1. HP: 19/19 MP: 1/1
   100 | D:1      | Reached XP level 2. HP: 27/27 MP: 2/2
   301 | D:1      | Reached skill level 4 in Fighting
   334 | D:1      | Reached XP level 3. HP: 33/33 MP: 3/3
   934 | D:2      | Reached XP level 4. HP: 37/40 MP: 4/4
  1226 | D:2      | Identified 2 scrolls of acquirement
  1226 | D:2      | Acquired the +7 war axe "Joadon" {holy, rPois rN+ Stlth+}
  1229 | D:2      | Acquired a manual of Ice Magic
  1516 | D:3      | Found a runed translucent door.
  1520 | D:3      | Noticed phimadp's ghost (weakling MiHu)
  1524 | D:3      | Reached XP level 5. HP: 42/47 MP: 5/5
  1532 | D:3      | Killed phimadp's ghost
  1533 | D:3      | Reached skill level 1 in Ice Magic
  1688 | D:3      | Reached skill level 1 in Spellcasting
  1688 | D:3      | Reached XP level 6. HP: 42/55 MP: 7/7
  1808 | D:3      | Reached skill level 5 in Fighting
  1840 | D:3      | HP: 2/56 [orc/+0 mace (7)]
  2138 | D:3      | Engulfed by a cloud of flame

Illustrated notes

Levels and vault maps discovered:
D:1:      minmay_arrival_plants_in_alcoves, layout_basic,
          minmay_misc_feat_plants, chequers_serial_rivers_marsh
D:2:      layout_basic, minmay_misc_feat_columns
D:3:      lemuel_castle_with_subvaults [lemuel_castle_interior_carwin_2],
          layout_rooms, ebering_ghost_sewer_d

Skill      XL: |  1  2  3  4  5  6 |
---------------+-------------------+-----
Axes           | 3 4 |  4.6
Fighting       | 4 5 |  5.1
Armour         | 4 |  4.6
Shields        | 4 |  4.5
Ice Magic      | 1 2 |  2.5
Spellcasting   | 1 |  1.3

Action                     |  1- 3 |  4- 6 || total
---------------------------+-------+-------++-------
  Melee: War axe           |   105 |   101 ||   206
  Throw: Javelin           |       |     1 ||     1
         Throwing net      |       |     1 ||     1
    Use: Scroll            |     1 |     8 ||     9
         Potion            |       |     1 ||     1
 Armour: Scale mail        |    65 |    49 ||   114
         Plate armour      |       |     2 ||     2
  Dodge: Dodged            |    44 |    52 ||    96
  Block: Buckler           |    27 |    24 ||    51

Table legend: (Time is in decaauts)
 A = Elapsed time spent in this place.
 B = Non-inter-level travel time spent in this place.
 C = Inter-level travel time spent in this place.
 D = Time resting spent in this place.
 E = Time spent auto-exploring this place.
 F = Levels seen in this place.
 G = Mean time per level.
                   A        B        C        D        E       F      G
               +--------+--------+--------+--------+--------+-----+--------+
         Total |   2226 |   2147 |     79 |    207 |   1279 |   3 |  742.0 |
       Dungeon |   2226 |   2147 |     79 |    207 |   1279 |   3 |  742.0 |
               +--------+--------+--------+--------+--------+-----+--------+

Top non-repeatable levels by time:
     D:3: 805 daAuts
     D:2: 793 daAuts
     D:1: 626 daAuts
